 Dungeon Crawl Stone Soup version 0.29-a0-266-gf56f883ddd (webtiles) character file.

Game seed: 16088752988913339668

448 sokol815 the Sneak (level 7, -3/40 HPs)
             Began as a Kobold Brigand on Mar 7, 2022.
             Was a Follower of Wu Jian.
             Killed from afar by Dowan (13 damage)
             ... with a stone arrow
             ... on level 5 of the Dungeon.
             The game lasted 00:12:17 (4826 turns).

sokol815 the Sneak (Kobold Brigand)                 Turns: 4826, Time: 00:12:18

Health: -3/40      AC: 14    Str:  9    XL:     7   Next: 24%
Magic:  7/7        EV: 12    Int: 12    God:    Wu Jian [*.....]
Gold:   3          SH:  0    Dex: 18    Spells: 3/6 levels left

rFire   + . .      SeeInvis .   a - +3 dagger
rCold   + . .      Faith    .   (no shield)
rNeg    . . .      Spirit   .   k - +0 ring mail
rPois   .          Reflect  .   f - +0 helmet
rElec   .          Harm     .   z - scarf {rC+ rF+}
rCorr   +          Rampage  .   j - +0 pair of gloves
Will    .....                   i - +2 pair of boots
Stlth   ++++......              (no amulet)
HPRegen 0.13/turn               A - +4 ring of protection
MPRegen 0.10/turn               X - ring of resist corrosion

@: hasted, very quick
A: small, no large weapons, nightstalker 3
a: Renounce Religion


You were on level 5 of the Dungeon.
You worshipped Wu Jian.
Wu Jian was aware of your devotion.
You visited 2 branches of the dungeon, and saw 6 of its levels.

You collected 160 gold pieces.
You spent 157 gold pieces at shops.

Inventory:

Hand Weapons
 a - a +3 dagger (weapon)
 h - a +0 short sword
   (You took it off a kobold on level 1 of the Dungeon)
Missiles
 d - 17 poisoned darts
 e - 3 curare-tipped darts
 s - 184 stones
 u - 3 boomerangs
Armour
 b - a +0 robe
 c - a +0 cloak
 f - a +0 helmet (worn)
   (You took it off Robin on level 4 of the Dungeon)
 i - a +2 pair of boots (worn)
   (You found it on level 1 of the Dungeon)
 j - a +0 pair of gloves (worn)
   (You found it on level 5 of the Dungeon)
 k - a +0 ring mail (worn)
   (You found it on level 1 of the Dungeon)
 z - a scarf of resistance (worn)
   (You found it on level 3 of the Dungeon)
Magical Staves
 q - a staff of air {rElec}
   (You found it on level 2 of the Dungeon)
Jewellery
 A - a +4 ring of protection (left hand)
   (You found it on level 2 of the Dungeon)
 C - a ring of protection from cold {rC+, !d}
   (You took it off a goblin on level 3 of the Dungeon)
 W - a ring of willpower
   (You took it off a goblin on level 4 of the Dungeon)
 X - a ring of resist corrosion (right hand)
   (You found it on level 3 of the Dungeon)
Scrolls
 l - a scroll of amnesia {unknown}
 o - a scroll of identify {@r1}
Potions
 g - 2 potions of flight {unknown}
 n - a potion of attraction {!q}
 B - a potion of brilliance
 J - a potion of curing {@q1}
 R - a potion of resistance


   Skills:
 - Level 2.1 Fighting
 + Level 5.9 Short Blades
 - Level 2.1 Throwing
 - Level 1.2 Dodging
 + Level 7.9 Stealth
 + Level 2.5 Hexes
 + Level 2.5 Ice Magic


You had 3 spell levels left.
You knew the following spells:

 Your Spells              Type           Power      Damage    Failure   Level
a - Ensorcelled Hibernat  Hex/Ice        12%        N/A       43%         2
g - Apportation           Tloc           0%         N/A       67%         1

Your spell library contained the following spells:

 Spells                   Type           Power      Damage    Failure   Level
 Animate Skeleton         Necr           0%         N/A       67%         1
 Shock                    Conj/Air       0%         1d3       67%         1
 Summon Small Mammal      Summ           0%         N/A       67%         1
 Passwall                 Tmut/Erth      0%         N/A       80%         2
 Gell's Gravitas          Tloc           0%         N/A       95%         3
 Lesser Beckoning         Tloc           0%         N/A       95%         3
 Stone Arrow              Conj/Erth      0%         3d7       95%         3
 Swiftness                Air            0%         N/A       95%         3
 Teleport Other           Tloc           0%         N/A       95%         3
 Airstrike                Air            0%         N/A       100%        4
 Animate Armour           Summ/Erth      0%         N/A       100%        4
 Lehudib's Crystal Spear  Conj/Erth      0%         10d2      100%        8


Dungeon Overview and Level Annotations

Branches:
Dungeon (5/15)             Temple (1/1) D:4

Altars:
Ashenzari
Cheibriados
Dithmenos
Fedhas
Hepliaklqana
Kikubaaqudgha
Makhleb
Qazlal
Trog
Wu Jian

Shops:
D:4 (?*

Annotations:
D:4 Grinder, Natasha, Sigmund
D:5 Dowan


Innate Abilities, Weirdness & Mutations

You are small and have problems with some larger weapons.
You are completely attuned to the shadows.


Message History

You barely miss the necrophage.
The necrophage hits you but does no damage.
You closely miss the necrophage. The necrophage completely misses you.
You hit the necrophage. You hit the necrophage. The necrophage hits you.
You hit the necrophage.
The necrophage hits you but does no damage.
You hit the necrophage.
You destroy the necrophage!
The Council accepts your kill.
No target in view!
You see here a necrophage corpse.
You now have 142 gold pieces (gained 11).
Found a stone staircase leading down.
Health restored: 35 You now have 154 gold pieces (gained 12).
You now have enough gold to buy a pair of embroidered boots on D:4.
You now have 160 gold pieces (gained 6).
m - a +0 pair of gloves You open the door.
There is an open door here.
o - a scroll of identify {@r1} You start putting on your armour.
You continue putting on your +0 pair of gloves. x4
You finish putting on your +0 pair of gloves.
You drop a +0 pair of gloves.
There is a stone staircase leading up here.
You climb upwards.
Level annotation: Grinder, Natasha, Sigmund
There is a stone staircase leading down here.
There is an entrance to Zuotzom Enoj's Assorted Antiques here.
m - a +1 pair of boots Thank you for shopping at Zuotzom Enoj's Assorted Antiques!
Okay, then.
You drop a +1 pair of boots.
(D) Dungeon (T) Temple
Where to? (Enter - D:4 @ (x,y), ? - help)
There is a stone staircase leading down here.
You climb downwards.
There is a stone staircase leading up here.
Duvessa, Sister of Dowan comes into view.
She is wielding a +0 short sword.
Duvessa shouts!
You hit Duvessa but do no damage. Duvessa barely misses you.
You barely miss Duvessa. You hit Duvessa.
Duvessa hits you with a +0 short sword.
You take 5 damage, and have 30/35 hp.
You hit Duvessa. Duvessa hits you but does no damage.
You hit Duvessa. You hit Duvessa but do no damage.
Duvessa hits you with a +0 short sword!
You take 7 damage, and have 23/35 hp.
You hit Duvessa but do no damage. Duvessa misses you.
You closely miss Duvessa. Duvessa closely misses you.
You hit Duvessa.
You hear a shout!
You hit Duvessa. Duvessa hits you but does no damage.
Dowan, Brother of Duvessa comes into view.
He is wielding a +0 dagger.
You hit Duvessa. You hit Duvessa. You hit Duvessa but do no damage.
Duvessa barely misses you.
You hit Duvessa. Duvessa hits you but does no damage.
You hit Duvessa. Dowan barely misses you. Duvessa barely misses you.
You barely miss Duvessa. You hit Duvessa but do no damage.
Duvessa hits you but does no damage. Dowan hits you but does no damage.
You hit Duvessa. Duvessa hits you but does no damage.
Dowan hits you but does no damage.
You feel yourself speed up. Duvessa hits you with a +0 short sword.
Dowan hits you but does no damage.
You take 3 damage, and have 21/35 hp.
You hit Duvessa but do no damage. You hit Duvessa.
Duvessa hits you with a +0 short sword. Dowan gestures at you while chanting.
The puff of flame misses you.
You take 2 damage, and have 19/35 hp.
You completely miss Duvessa. You hit Duvessa but do no damage.
Duvessa hits you with a +0 short sword!
Dowan points at you and mumbles some strange words.
The puff of flame hits you but does no damage.
You resist.
You take 7 damage, and have 12/35 hp.
You hit Duvessa.
You kill Duvessa!
The Council accepts your kill.
You can now lightly attack monsters by moving around them.
Dowan screams, "No!
Oh no!"
Dowan seems to find hidden reserves of power!
You have reached level 7!
You regained 2 hp, and now have 14/40 hp.
MP restored: 7 You hit Dowan.
Dowan hits you with a +0 dagger.
* * * LOW HITPOINT WARNING * * *
You take 4 damage, and have 10/40 hp.
You hit Dowan.
Dowan casts a spell.
Dowan blinks!
You closely miss Dowan. You hit Dowan. Dowan casts a spell at you.
The stone arrow hits you!
You die...

### ## ##.## .#
#...# .##
##)@.# ..#
#.#######..#e.#
..#
#.##....#.###.#
..##
#.##.##...# ...
...#
#.##.##..## .#
.#.###.##.###.#
............###
.#.###....#.#
.#.####.#...#


You could see Dowan (fast).

Vanquished Creatures
  Duvessa (D:5)
  An ogre (D:4)
  A necrophage (D:5)
  A hound (D:4)
  Robin (D:4)
  8 adders
  A shadow imp (D:4)
  2 dart slugs
  4 orcs
  8 endoplasms
  A giant cockroach (D:3)
  16 goblins
  2 hobgoblins
  4 jackals (D:1)
  2 quokkas
  6 ball pythons
  5 bats
  2 frilled lizards
  6 kobolds
  4 rats
76 creatures vanquished.

Notes
Turn   | Place    | Note
-------+----------+-------------------------------------------
     0 | D:1      | sokol815 the Kobold Brigand began the quest for the Orb.
     0 | D:1      | Reached XP level 1. HP: 12/12 MP: 1/1
    59 | D:1      | Found a faded altar of an unknown god.
   101 | D:1      | Reached skill level 3 in Short Blades
   326 | D:1      | Reached XP level 2. HP: 17/17 MP: 2/2
   330 | D:1      | Learned a level 1 spell: Apportation
   953 | D:1      | Reached XP level 3. HP: 21/21 MP: 3/3
   995 | D:1      | Reached skill level 6 in Stealth
  1533 | D:2      | Reached skill level 4 in Short Blades
  1647 | D:2      | Reached XP level 4. HP: 26/26 MP: 4/4
  2421 | D:3      | Learned a level 2 spell: Ensorcelled Hibernation
  2870 | D:4      | Noticed an ogre
  3064 | D:4      | Noticed Grinder
  3217 | D:3      | HP: 6/26 [poisoned by an adder]
  3220 | D:3      | HP: 2/26 [adder (3)]
  3534 | D:2      | Reached XP level 5. HP: 24/30 MP: 5/5
  3629 | D:4      | Killed an ogre
  3630 | D:4      | Reached skill level 5 in Short Blades
  3630 | D:4      | Reached skill level 7 in Stealth
  3630 | D:4      | Reached skill level 1 in Hexes
  3630 | D:4      | Reached skill level 1 in Ice Magic
  3630 | D:4      | Reached XP level 6. HP: 35/35 MP: 6/6
  3743 | D:4      | Found a staircase to the Ecumenical Temple.
  3750 | Temple   | Entered the Ecumenical Temple
  3972 | Temple   | Became a worshipper of the Wu Jian Council
  4024 | D:4      | Noticed Robin
  4053 | D:4      | Killed Robin
  4318 | D:4      | Noticed Natasha
  4318 | D:4      | Noticed Sigmund
  4350 | D:4      | Found Enlas's Magic Scroll Shoppe.
  4364 | D:4      | Found Zuotzom Enoj's Assorted Antiques.
  4404 | D:4      | Found Tacidevo's Weapon Shoppe.
  4462 | D:4      | Reached skill level 2 in Hexes
  4462 | D:4      | Reached skill level 2 in Ice Magic
  4518 | D:5      | Entered Level 5 of the Dungeon
  4762 | D:4      | Bought a pair of embroidered boots for 157 gold pieces
  4795 | D:5      | Noticed Duvessa
  4807 | D:5      | Noticed Dowan
  4821 | D:5      | Killed Duvessa
  4821 | D:5      | Reached * piety under Wu Jian
  4822 | D:5      | Reached XP level 7. HP: 14/40 MP: 7/7
  4822 | D:5      | HP: 10/40 [Dowan/+0 dagger (4)]
  4826 | D:5      | Killed from afar by Dowan

Illustrated notes

Levels and vault maps discovered:
D:1:      dpeg_arrival_three_same_balls, layout_basic, basic_ecumenical_altar,
          lemuel_old_faithful
D:2:      layout_basic
D:3:      layout_loops_cross
D:4:      layout_rooms, minmay_temple_entry_hall, serial_shops, shop, shop,
          nicolae_square_shop, kennysheep_orc_chapel, uniq_sigmund,
          uniq_natasha, uniq_robin, uniq_grinder
D:5:      layout_basic, serial_curves, eino_curves_03, eino_curves_04,
          uniq_duvessa
Temple:   regret_index_temple_generic_petals

Skill      XL: |  1  2  3  4  5  6 |
---------------+-------------------+-----
Short Blades   | 3 4 5 |  5.9
Stealth        | 6 7 |  7.9
Hexes          | 1 2 |  2.5
Ice Magic      | 1 2 |  2.5
Fighting       | |  2.1
Throwing       | |  2.1
Dodging        | |  1.2

Action                   |  1- 3 |  4- 6 |  7- 9 || total
-------------------------+-------+-------+-------++-------
Melee: Dagger            |    88 |   160 |     4 ||   252
       Punch             |     2 |       |       ||     2
Throw: Stone             |     1 |       |       ||     1
Invok: Lunge             |       |     3 |       ||     3
  Use: Potion            |       |     3 |       ||     3
       Scroll            |       |    12 |       ||    12
 Stab: Sleeping          |    12 |    13 |       ||    25
       Distracted        |       |     2 |       ||     2
Armor: Robe              |     3 |       |       ||     3
       Ring mail         |    14 |    58 |       ||    72
Dodge: Dodged            |    58 |    83 |       ||   141

Table legend: (Time is in decaauts)
 A = Elapsed time spent in this place.
 B = Non-inter-level travel time spent in this place.
 C = Inter-level travel time spent in this place.
 D = Time resting spent in this place.
 E = Time spent auto-exploring this place.
 F = Levels seen in this place.
 G = Mean time per level.
                   A        B        C        D        E       F      G
               +--------+--------+--------+--------+--------+-----+--------+
         Total |   4764 |   4500 |    264 |   1311 |   2324 |   6 |  794.0 |
       Dungeon |   4515 |   4277 |    238 |   1268 |   2158 |   5 |  903.0 |
        Temple |    248 |    222 |     26 |     43 |    166 |   1 |  248.0 |
               +--------+--------+--------+--------+--------+-----+--------+

Top non-repeatable levels by time:
     D:1: 1273 daAuts
     D:3: 1221 daAuts
     D:2: 1131 daAuts
     D:4: 610 daAuts
     D:5: 278 daAuts
  Temple: 248 daAuts

Table legend:
 A = Kills in this place as a percentage of kills in entire the game.
 B = Kills by you in this place as a percentage of kills by you in the entire game.
 C = Kills by friends in this place as a percentage of kills by friends in the entire game.
 D = Other kills in this place as a percentage of other kills in the entire game.
 E = Experience gained in this place as a percentage of experience gained in the entire game.
 F = Experience gained in this place divided by the number of levels of this place that you have seen.
                   A       B       C       D       E      F
               +-------+-------+-------+-------+-------+----------------------
         Total | 100.0 | 100.0 |   N/A |   N/A | 100.0 | 106.7
       Dungeon | 100.0 | 100.0 |   N/A |   N/A | 100.0 | 128.0
               +-------+-------+-------+-------+-------+----------------------
